 Dungeon Crawl Stone Soup version 0.31-a0-851-g7ff8af7976 (webtiles) character file.

Game seed: 298315781638972847

54 BritishOli the Trooper (level 3, -1/29 HPs)
             Began as a Demonspawn Fighter on Oct 6, 2023.
             Killed from afar by Sigmund (6 damage)
             ... with a magic dart
             ... on level 3 of the Dungeon.
             The game lasted 00:01:09 (1251 turns).

BritishOli the Trooper (Demonspawn Fighter)         Turns: 1251, Time: 00:01:10

Health: -1/29      AC:  6    Str: 24    XL:     3   Next: 66%
Magic:  3/3        EV:  9    Int:  9    God:
Gold:   82         SH:  0    Dex: 12    Spells: 2/2 levels left

rFire   . . .        a - +0 war axe
rCold   . . .        c - +0 buckler
rNeg    . . .        b - +0 scale mail
rPois   +            (no helmet)
rElec   .            (no cloak)
rCorr   .            (no gloves)
SInv    .            (no boots)
Will    .....        (no amulet) Stlth
                     e - ring of poison resistance
HPRegen 0.24/turn    f - +6 ring of strength
MPRegen 0.08/turn

%: no passive effects
@: confused, lethally poisoned (-1 -> -2)
A: condensation shield
a: no special abilities


You were on level 3 of the Dungeon.
You visited 1 branch of the dungeon, and saw 3 of its levels.

You collected 82 gold pieces.

Inventory:

Hand Weapons
 a - a +0 war axe (weapon)
Armour
 b - a +0 scale mail (worn)
 c - a +0 buckler (worn)
Jewellery
 e - a ring of poison resistance (left hand)
 f - a +6 ring of strength (right hand)
Scrolls
 i - a scroll of identify {unknown}
 j - a scroll of summoning {unknown}
 k - a scroll of vulnerability {unknown}
 m - a scroll of enchant weapon {unknown}
 n - a scroll of blinking {unknown}
 o - a scroll of teleportation {unknown}
 p - 2 scrolls of fear {unknown}
 q - a scroll of immolation {unknown}
Potions
 d - a potion of might
 g - a potion of curing {unknown}
 h - a potion of haste {unknown}
 l - a potion of enlightenment {unknown}


   Skills:
 + Level 3.5 Fighting
 + Level 2.4 Axes
 + Level 3.1 Armour
 - Level 3.0 Shields


You had 2 spell levels left.
You didn't know any spells.
Your spell library contained the following spells:

 Spells                   Type           Power      Damage    Failure   Level
 Kiss of Death            Conj/Necr      0%         2d5       75%         1


Dungeon Overview and Level Annotations

Branches:
Dungeon (3/15)

Altars:
Fedhas

Annotations:
D:3 1 transporter, Sigmund


Innate Abilities, Weirdness & Mutations

A meltable shield of frost defends you. (SH +0)


Message History

Sigmund gestures at you while chanting. The puff of flame hits you.
Your condensation shield dissipates!
Sigmund points at you and mumbles some strange words.
The puff of flame hits you.
Sigmund is nearby!
Sigmund is nearby!
Sigmund is nearby!
Sigmund hits you with a +4 scythe of venom!
You are too injured to fight recklessly!
You are too injured to fight recklessly!
You are too injured to fight recklessly!
You aren't carrying any items that you can evoke.
Unknown command.
You slash Sigmund!
Sigmund is moderately wounded.
You hit Sigmund but do no damage.
Sigmund is moderately wounded.
Sigmund hits you with a +4 scythe of venom.
You are poisoned.
You hit Sigmund.
Sigmund is heavily wounded.
You feel very sick. Sigmund says, "I'm your fate." Sigmund closely misses you.
You closely miss Sigmund.
Sigmund is heavily wounded.
You feel sick.
Sigmund points at you and mumbles some strange words.
You are confused.
Sigmund barely misses you.
You bump into the rock wall.
You feel sick.
Unknown command.
You barely miss Sigmund.
Sigmund is heavily wounded.
You feel sick.
Sigmund points at you and mumbles some strange words.
The magic dart hits you.
You die...
Sigmund begins carving another notch in his scythe.

#(##.# ####
#.##.#########...
##.##.....#...+... #
#..######.#.###...
#.#.#######...#...##
#.#............#....
#..............#.###
###.........##.#.#8P
#@.....#.....#.#P.
#@.......##..#.###
......... ...#.#5≈
##.#.##### #.##.#.≈
#.#.# #. .#.≈ #.#.#
#.#.# #.#


You could see Sigmund.

Vanquished Creatures
  An adder (D:2)
  An ufetubus (D:2)
  3 dart slugs (D:1)
  5 bats
  2 endoplasms
  A giant cockroach (D:2)
  5 goblins (D:1)
  A hobgoblin (D:1)
  4 jackals (D:1)
  2 kobolds (D:1)
  A quokka (D:1)
  A frilled lizard (D:1)
  5 rats
32 creatures vanquished.

Notes
Turn   | Place    | Note
-------+----------+-------------------------------------------
     0 | D:1      | BritishOli the Demonspawn Fighter began the quest for the
                  | Orb.
     0 | D:1      | Reached XP level 1. HP: 18/18 MP: 1/1
   107 | D:1      | Found a faded altar of an unknown god.
   114 | D:1      | Gained mutation: A meltable shield of frost defends you.
                  | (SH +0) [demonic ancestry]
   114 | D:1      | Reached XP level 2. HP: 24/24 MP: 2/2
   123 | D:1      | Got a black book
   313 | D:1      | Reached XP level 3. HP: 29/29 MP: 3/3
   628 | D:2      | Found a blossoming altar of Fedhas.
  1206 | D:3      | Found a transporter.
  1241 | D:3      | Noticed Sigmund
  1251 | D:3      | Killed from afar by Sigmund

Illustrated notes

Levels and vault maps discovered:
D:1:      lemuel_arrival_behind_the_door_small, layout_basic,
          shapermc_ecumenical_altar_rom_forum
D:2:      layout_loops_cross, basic_altar, chequers_serial_rivers_micro_a
D:3:      gammafunk_wand_slinger, layout_basic, marbit_many_paths, serial_shops,
          shop, uniq_sigmund, uniq_robin

Skill      XL: |  1  2 |
---------------+-------+-----
Axes           | 2 |  2.4
Armour         | 3 |  3.1
Shields        | 3 |  3.0
Fighting       | |  3.5

Action                     || total
---------------------------++-------
  Melee: War axe           ||    65
 Armour: Scale mail        ||    41
  Dodge: Dodged            ||    29
  Block: Buckler           ||    21

Table legend: (Time is in decaauts)
 A = Elapsed time spent in this place.
 B = Non-inter-level travel time spent in this place.
 C = Inter-level travel time spent in this place.
 D = Time resting spent in this place.
 E = Time spent auto-exploring this place.
 F = Levels seen in this place.
 G = Mean time per level.
                   A        B        C        D        E       F      G
               +--------+--------+--------+--------+--------+-----+--------+
         Total |   1278 |   1226 |     52 |      0 |   1014 |   3 |  426.0 |
       Dungeon |   1278 |   1226 |     52 |      0 |   1014 |   3 |  426.0 |
               +--------+--------+--------+--------+--------+-----+--------+

Top non-repeatable levels by time:
     D:2: 652 daAuts
     D:1: 579 daAuts
     D:3: 46 daAuts
